 Seeded DCSS version 0.29-a0-378-gc08b2e8bf8 (webtiles) character file.

Game seed: 13605594255664981076 (custom seed)

1453 thiscave3701365 the Cleaver (level 8, -2/100 HPs)
             Began as a Minotaur Berserker on May 4, 2022.
             Was a Priest of Trog.
             Succumbed to a hornet's poison
             ... on level 6 of the Dungeon.
             The game lasted 00:07:04 (6321 turns).

thiscave3701365 the Cleaver (Minotaur Berserker)    Turns: 6321, Time: 00:07:05

Health: -2/100     AC: 11    Str: 24    XL:     8   Next: 47%
Magic:  7/7        EV:  7    Int:  4    God:    Trog [***...]
Gold:   223        SH:  0    Dex: 10    Spells: 7/7 levels left

rFire   . . .      SeeInvis .   a - +0 hand axe
rCold   . . .      Faith    .   (no shield)
rNeg    . . .      Spirit   .   y - +0 plate armour
rPois   .          Reflect  .   (helmet restricted)
rElec   .          Harm     .   (no cloak)
rCorr   .          Rampage  .   (no gloves)
Will    .....                   (no boots)
Stlth   ..........              (no amulet)
HPRegen 0.26/turn               (no ring)
MPRegen 0.10/turn               (no ring)

@: berserking (expiring), lethally poisoned (-2 -> -14), slowed
A: horns 2, retaliatory headbutt
a: Renounce Religion, Berserk, Trog's Hand


You were on level 6 of the Dungeon.
You worshipped Trog.
Trog was most pleased with you.
You visited 1 branch of the dungeon, and saw 6 of its levels.

You collected 223 gold pieces.

Inventory:

Hand Weapons
 a - a +0 hand axe (weapon)
Missiles
 v - a throwing net
Armour
 o - a +1 chain mail of poison resistance
 y - a +0 plate armour (worn)
 z - the +0 chain mail "Fuibbaimp" {Str+3}
   (You found it on level 5 of the Dungeon)

   Str:       It affects your strength (+3).
Jewellery
 r - a ring of protection from cold
Wands
 u - a wand of digging (3)
 w - a wand of charming (10)
 x - a wand of polymorph (4)
Scrolls
 b - a scroll of fear {unknown}
 d - a scroll of immolation {unknown}
 e - 6 scrolls of identify {unknown}
 g - a scroll of blinking {unknown}
 h - 2 scrolls of fog {unknown}
 i - 2 scrolls of vulnerability {unknown}
 k - 2 scrolls of poison {unknown}
 p - a scroll of torment {unknown}
 q - a scroll of teleportation {unknown}
Potions
 c - a potion of brilliance {unknown}
 f - 2 potions of haste {unknown}
 j - a potion of magic {unknown}
 l - a potion of might {unknown}
 m - a potion of ambrosia {unknown}
 n - a potion of flight {unknown}
 s - a potion of heal wounds {unknown}
 t - 2 potions of mutation {unknown}


   Skills:
 - Level 4.3 Fighting
 + Level 12.7 Axes
 - Level 2.5 Armour
 - Level 2.4 Dodging


You had 7 spell levels left.
You didn't know any spells.
Your spell library was empty.

Dungeon Overview and Level Annotations

Branches:
Dungeon (6/15)             Temple (0/1) D:4

Altars:
Ashenzari
Cheibriados
Gozag
Makhleb
Nemelex Xobeh
Okawaru
Uskayaw


Innate Abilities, Weirdness & Mutations

You have a pair of horns on your head.
You reflexively headbutt those who attack you in melee.


Message History

You are more poisoned.
You feel as though you will be slow longer.
Unknown command.
You are too injured to fight recklessly!
You are too injured to fight recklessly!
Unknown command.
You are too injured to fight recklessly!
You are too injured to fight recklessly!
Unknown command.
You slash the hornet!
The hornet is severely wounded.
You feel very sick. The hornet stings you!
* * * LOW HITPOINT WARNING * * *
You are lethally poisoned!
You feel as though you will be slow longer.
You miss the hornet. Your headbutt misses the hornet.
The hornet is heavily wounded.
* * * LOW HITPOINT WARNING * * *
You feel very sick. The hornet stings you!
* * * LOW HITPOINT WARNING * * *
You feel as though you will be slow longer.
You slash the hornet!
You kill the hornet!
Trog accepts your kill.
* * * LOW HITPOINT WARNING * * *
You feel very sick.
Your life force feels restored.
There is a lethal amount of poison in your body!
There is a lethal amount of poison in your body!
There is a lethal amount of poison in your body!
There is a lethal amount of poison in your body!
You are too berserk!
* * * LOW HITPOINT WARNING * * *
You feel very sick.
You feel a strong urge to attack something.
* * * LOW HITPOINT WARNING * * *
You feel very sick.
You die...

...#.#.###
########.#.#######
#........#.......#
#.##############.#
#.# ##.# #.#...
#######.#(##
...........#
#######@#..#
......$.#..#
######..# ## #...
#.## #. #. ##


There were no monsters in sight!

Vanquished Creatures
  A hornet (D:6)
  An ice beast (D:5)
  A black bear (D:5)
  3 ogres
  2 phantoms (D:5)
  2 necrophages (D:5)
  A hound (D:5)
  2 orc priests (D:4)
  A gnoll shaman (D:5)
  An iguana (D:3)
  4 orc wizards
  12 gnolls
  7 adders
  An ufetubus (D:4)
  A worm (D:5)
  25 orcs
  4 endoplasms
  3 giant cockroaches
  8 goblins
  4 hobgoblins
  3 jackals (D:1)
  A quokka (D:4)
  10 ball pythons
  A bat (D:3)
  3 frilled lizards
  5 kobolds
  7 rats
114 creatures vanquished.

Notes
Turn   | Place    | Note
-------+----------+-------------------------------------------
     0 | D:1      | thiscave3701365 the Minotaur Berserker began the quest for
                  | the Orb.
     0 | D:1      | Reached XP level 1. HP: 19/19 MP: 0/0
   301 | D:1      | Found a faded altar of an unknown god.
   320 | D:1      | Reached skill level 4 in Axes
   461 | D:1      | Reached XP level 2. HP: 26/27 MP: 1/1
  1085 | D:2      | Reached ** piety under Trog
  1268 | D:2      | Reached XP level 3. HP: 33/33 MP: 2/2
  1371 | D:2      | Reached skill level 5 in Axes
  1373 | D:2      | Reached XP level 4. HP: 41/41 MP: 3/3
  2205 | D:3      | Reached skill level 6 in Axes
  2449 | D:3      | Found a burning altar of Makhleb.
  2449 | D:3      | Found a hide-covered altar of Uskayaw.
  3028 | D:3      | Reached XP level 5. HP: 47/47 MP: 4/4
  3434 | D:4      | Noticed an ogre
  3441 | D:4      | Killed an ogre
  3442 | D:4      | Reached skill level 7 in Axes
  3524 | D:4      | Found a staircase to the Ecumenical Temple.
  3591 | D:4      | Found an opulent altar of Gozag.
  3591 | D:4      | Found a sparkling altar of Nemelex Xobeh.
  3692 | D:4      | Reached XP level 6. HP: 53/53 MP: 5/5
  3841 | D:4      | Reached skill level 8 in Axes
  4220 | D:4      | Found a snail-covered altar of Cheibriados.
  4333 | D:4      | Found an iron altar of Okawaru.
  4708 | D:5      | Entered Level 5 of the Dungeon
  4802 | D:5      | Reached *** piety under Trog
  4807 | D:5      | Reached skill level 9 in Axes
  4892 | D:5      | Reached XP level 7. HP: 60/60 MP: 6/6
  5180 | D:5      | Reached skill level 10 in Axes
  5253 | D:5      | Reached skill level 11 in Axes
  5505 | D:5      | Reached XP level 8. HP: 67/67 MP: 7/7
  5605 | D:5      | Found a broken altar of Ashenzari.
  6038 | D:5      | Reached skill level 12 in Axes
  6250 | D:5      | Identified the +0 chain mail "Fuibbaimp" {Str+3}
  6308 | D:6      | Noticed a hornet
  6318 | D:6      | Killed a hornet
  6319 | D:6      | HP: 3/100 [poisoned by a hornet]
  6320 | D:6      | HP: 1/100 [poisoned by a hornet]
  6321 | D:6      | Succumbed to a hornet's poison

Illustrated notes

Levels and vault maps discovered:
D:1:      wander_arrival_lonely_grave, layout_basic,
          ebering_ecumenical_altar_rust
D:2:      layout_basic, minmay_misc_feat_tower, grunt_decor_mini_mirrors
D:3:      layout_basic, mainiacjoe_overflow_divided_tiny
D:4:      layout_loops_ring, grunt_temple_overflow_opulence,
          general_overflow_altar, mainiacjoe_overflow_24_doors, temple_doors_ab
D:5:      layout_basic, mainiacjoe_overflow_paths
D:6:      layout_basic, serial_shops, nicolae_shop_behind_doors,
          minmay_increasing_density

Skill      XL: |  1  2  3  4  5  6  7  8 |
---------------+-------------------------+-----
Axes           | 4 5 6 7 9 11 12 | 12.7
Fighting       | 4 |  4.3
Armour         | |  2.5
Dodging        | |  2.4

Action                   |  1- 3 |  4- 6 |  7- 9 || total
-------------------------+-------+-------+-------++-------
Melee: Hand axe          |    52 |   139 |    72 ||   263
       Headbutt          |     6 |    14 |    13 ||    33
       Punch             |       |     4 |     1 ||     5
Invok: Berserk           |     2 |    10 |     6 ||    18
Armor: Animal skin       |     9 |       |       ||     9
       Chain mail        |       |    44 |    36 ||    80
       Plate armour      |       |       |     1 ||     1
Dodge: Dodged            |    37 |    47 |    28 ||   112

Table legend: (Time is in decaauts)
 A = Elapsed time spent in this place.
 B = Non-inter-level travel time spent in this place.
 C = Inter-level travel time spent in this place.
 D = Time resting spent in this place.
 E = Time spent auto-exploring this place.
 F = Levels seen in this place.
 G = Mean time per level.
                   A        B        C        D        E       F      G
               +--------+--------+--------+--------+--------+-----+--------+
         Total |   6452 |   6119 |    333 |   1640 |   3894 |   6 | 1075.3 |
       Dungeon |   6452 |   6119 |    333 |   1640 |   3894 |   6 | 1075.3 |
               +--------+--------+--------+--------+--------+-----+--------+

Top non-repeatable levels by time:
     D:5: 1622 daAuts
     D:4: 1310 daAuts
     D:3: 1260 daAuts
     D:2: 1191 daAuts
     D:1: 1023 daAuts
     D:6: 43 daAuts
